[ AOE2 MATCH · #482255357 ]
UnrankedCumans vs Wu
[ REPLAY ANALYSIS · EXTRACTED FROM THE RECORDED GAME ]
Feudal
10:26
Castle
—
Imperial
—
| APM avg | 15.0 |
| APM peak | 38 |
| eAPM avg | 10.2 |
| Villagers / military | 55 / 4 |
Focus
⚔️ 19.5% · 🌾 80.5%
Spearman ×4
Feudal
8:31
Castle
—
Imperial
—
| APM avg | 57.7 |
| APM peak | 91 |
| eAPM avg | 16.5 |
| Villagers / military | 52 / 32 |
Focus
⚔️ 36.8% · 🌾 63.2%
Scout Cavalry ×26 · Spearman ×6
Feudal
9:20
Castle
22:03
Imperial
—
| APM avg | 52.8 |
| APM peak | 84 |
| eAPM avg | 20.7 |
| Villagers / military | 52 / 59 |
Focus
⚔️ 35.9% · 🌾 64.1%
Archer ×48 · Skirmisher ×6 · Spearman ×4 · Militia ×1
Feudal
10:07
Castle
—
Imperial
—
| APM avg | 26.2 |
| APM peak | 56 |
| eAPM avg | 11.1 |
| Villagers / military | 41 / 47 |
Focus
⚔️ 21.7% · 🌾 78.3%
Archer ×39 · Spearman ×8
Feudal
8:53
Castle
19:02
Imperial
—
| APM avg | 33.6 |
| APM peak | 72 |
| eAPM avg | 14.0 |
| Villagers / military | 52 / 39 |
Focus
⚔️ 35.8% · 🌾 64.2%
Scout Cavalry ×19 · Knight ×13 · Spearman ×7
Feudal
10:11
Castle
—
Imperial
—
| APM avg | 37.2 |
| APM peak | 66 |
| eAPM avg | 17.8 |
| Villagers / military | 49 / 41 |
Focus
⚔️ 25.7% · 🌾 74.3%
Archer ×35 · Skirmisher ×5 · Spearman ×1
Match map
Resources at game start + every placement click. Thick line = wall · dashed box = detected house wall. 🟡 gold · ⚪ stone · 🟢 berries · 🔶 boar · ⭕ relic
Inputs per minute
— jerius02 - - Polenta
Build order — jerius02
125 actions detected in the replay
| 0:03 | Build | House |
| 0:04 | Create | Villager (Male) |
| 0:04 | Create | Villager (Male) |
| 0:04 | Create | Villager (Male) |
| 0:05 | Build | House |
| 0:22 | Create | Villager (Male) |
| 1:52 | Build | Lumber Camp |
| 1:53 | Create | Villager (Male) |
| 2:19 | Create | Villager (Male) |
| 2:20 | Create | Villager (Male) |
| 3:24 | Create | Villager (Male) |
| 3:58 | Build | Mill |
| 4:04 | Create | Villager (Male) |
| 4:05 | Create | Villager (Male) |
| 4:05 | Create | Villager (Male) |
| 4:05 | Create | Villager (Male) |
| 4:35 | Build | House |
| 5:11 | Create | Villager (Male) |
| 5:51 | Create | Villager (Male) |
| 5:51 | Create | Villager (Male) |
| 5:52 | Research | Loom |
| 6:04 | Create | Villager (Male) |
| 6:52 | Build | House |
| 7:16 | Create | Villager (Male) |
| 7:45 | Create | Villager (Male) |
| 7:57 | Research | Feudal Age |
| 7:57 | Research | Feudal Age |
| 8:02 | Build | Mining Camp |
| 8:37 | Build | Palisade Wall |
| 8:52 | Create | Villager (Male) |
| 9:10 | Build | House |
| 9:52 | Build | Palisade Wall |
| 10:02 | Build | Palisade Wall |
| 10:15 | Build | Palisade Wall |
| 10:16 | Create | Villager (Male) |
| 10:25 | Build | House |
| 10:26 | Age | Feudal Age |
| 10:41 | Build | Palisade Wall |
| 11:00 | Build | Palisade Wall |
| 11:07 | Create | Villager (Male) |
| 11:41 | Build | Barracks |
| 11:50 | Build | Palisade Wall |
| 12:00 | Build | Palisade Wall |
| 12:02 | Create | Villager (Male) |
| 12:02 | Create | Villager (Male) |
| 12:16 | Create | Villager (Male) |
| 12:30 | Create | Villager (Male) |
| 12:49 | Build | Palisade Wall |
| 13:07 | Build | House |
| 13:11 | Build | House |
| 13:30 | Build | Town Center |
| 13:38 | Build | Palisade Wall |
| 13:40 | Create | Villager (Male) |
| 13:53 | Build | Farm |
| 13:58 | Build | Farm |
| 13:59 | Build | Farm |
| 14:18 | Build | Building 796 |
| 14:21 | Build | Farm |
| 14:43 | Create | Villager (Male) |
| 14:44 | Create | Villager (Male) |
| 15:02 | Build | House |
| 15:05 | Build | Farm |
| 15:08 | Create | Villager (Male) |
| 15:36 | Create | Villager (Male) |
| 15:37 | Create | Villager (Male) |
| 15:43 | Build | Farm |
| 15:57 | Build | Farm |
| 16:06 | Build | Farm |
| 16:07 | Build | Farm |
| 16:08 | Build | Farm |
| 16:10 | Create | Villager (Male) |
| 16:30 | Build | Farm |
| 16:42 | Create | Villager (Male) |
| 16:45 | Create | Villager (Male) |
| 17:03 | Build | Farm |
| 17:24 | Build | Farm |
| 17:28 | Create | Villager (Male) |
| 17:31 | Create | Villager (Male) |
| 17:43 | Create | Spearman |
| 17:50 | Create | Villager (Male) |
| 18:03 | Build | Market |
| 18:09 | Build | Farm |
| 18:28 | Build | Farm |
| 18:36 | Create | Villager (Male) |
| 18:37 | Create | Villager (Male) |
| 18:39 | Create | Spearman |
| 19:04 | Build | Farm |
| 19:04 | Build | Farm |
| 19:05 | Build | Farm |
| 19:05 | Build | Farm |
| 19:08 | Create | Villager (Male) |
| 19:08 | Create | Villager (Male) |
| 19:12 | Create | Spearman |
| 19:12 | Create | Spearman |
| 19:21 | Create | Villager (Male) |
| 19:21 | Create | Villager (Male) |
| 19:39 | Create | Villager (Male) |
| 19:56 | Build | Blacksmith |
| 20:07 | Build | Stable |
| 20:16 | Create | Villager (Male) |
| 20:24 | Create | Villager (Male) |
| 20:25 | Create | Villager (Male) |
| 20:39 | Build | House |
| 20:42 | Build | House |
| 20:43 | Build | House |
| 21:03 | Research | Castle Age |
| 21:23 | Create | Villager (Male) |
| 21:24 | Create | Villager (Male) |
| 21:38 | Create | Villager (Male) |
| 22:06 | Research | Scale Barding Armor |
| 22:06 | Research | Forging |
| 22:11 | Create | Villager (Male) |
| 22:25 | Research | Forging |
| 22:28 | Create | Villager (Male) |
| 22:42 | Build | Stable |
| 22:45 | Build | Stable |
| 22:46 | Build | Stable |
| 22:48 | Create | Villager (Male) |
| 23:05 | Build | Farm |
| 23:06 | Build | Farm |
| 23:06 | Build | Farm |
| 23:07 | Build | Farm |
| 23:16 | Create | Villager (Male) |
| 23:29 | Build | Farm |
| 23:31 | Create | Villager (Male) |
Build order — Polenta
150 actions detected in the replay
| 0:00 | Create | Villager (Male) |
| 0:01 | Create | Villager (Male) |
| 0:01 | Create | Villager (Male) |
| 0:02 | Build | House |
| 0:03 | Build | House |
| 0:07 | Create | Villager (Male) |
| 0:07 | Create | Villager (Male) |
| 1:25 | Create | Villager (Male) |
| 1:49 | Create | Villager (Male) |
| 2:09 | Create | Villager (Male) |
| 2:20 | Build | Lumber Camp |
| 2:22 | Create | Villager (Male) |
| 2:48 | Create | Villager (Male) |
| 2:48 | Create | Villager (Male) |
| 3:11 | Create | Villager (Male) |
| 3:12 | Create | Villager (Male) |
| 3:36 | Create | Villager (Male) |
| 3:53 | Build | House |
| 4:08 | Create | Villager (Male) |
| 4:12 | Build | Mill |
| 4:38 | Create | Villager (Male) |
| 5:13 | Build | Farm |
| 5:25 | Create | Villager (Male) |
| 5:43 | Build | House |
| 5:54 | Research | Loom |
| 6:27 | Research | Feudal Age |
| 6:29 | Build | Lumber Camp |
| 7:35 | Build | Barracks |
| 8:31 | Age | Feudal Age |
| 8:34 | Research | Double-Bit Axe |
| 8:34 | Create | Villager (Male) |
| 8:36 | Build | Stable |
| 8:48 | Create | Villager (Male) |
| 8:52 | Build | House |
| 9:15 | Create | Villager (Male) |
| 9:18 | Build | Mill |
| 9:20 | Create | Scout Cavalry |
| 9:20 | Create | Scout Cavalry |
| 9:33 | Build | House |
| 9:42 | Create | Scout Cavalry |
| 9:49 | Create | Villager (Male) |
| 9:52 | Build | House |
| 10:14 | Create | Villager (Male) |
| 10:17 | Build | Farm |
| 10:26 | Create | Villager (Male) |
| 10:33 | Create | Scout Cavalry |
| 10:38 | Build | Farm |
| 11:03 | Create | Villager (Male) |
| 11:04 | Create | Scout Cavalry |
| 11:11 | Create | Villager (Male) |
| 11:13 | Build | Farm |
| 11:14 | Build | Farm |
| 11:19 | Build | Blacksmith |
| 11:23 | Create | Villager (Male) |
| 11:34 | Create | Scout Cavalry |
| 11:50 | Create | Villager (Male) |
| 11:58 | Create | Villager (Male) |
| 12:09 | Research | Scale Barding Armor |
| 12:27 | Create | Villager (Male) |
| 12:40 | Create | Villager (Male) |
| 12:45 | Build | Lumber Camp |
| 12:47 | Create | Villager (Male) |
| 12:49 | Build | Farm |
| 12:49 | Build | Farm |
| 12:53 | Research | Horse Collar |
| 13:01 | Create | Scout Cavalry |
| 13:01 | Create | Scout Cavalry |
| 13:11 | Build | Farm |
| 13:30 | Create | Villager (Male) |
| 14:00 | Create | Villager (Male) |
| 14:06 | Create | Scout Cavalry |
| 14:08 | Create | Villager (Male) |
| 14:09 | Build | Farm |
| 14:10 | Build | Farm |
| 14:11 | Build | Farm |
| 14:19 | Build | Farm |
| 14:26 | Create | Villager (Male) |
| 14:29 | Build | Stable |
| 14:39 | Create | Villager (Male) |
| 14:43 | Build | Mill |
| 14:45 | Build | Farm |
| 14:46 | Build | Farm |
| 14:49 | Create | Scout Cavalry |
| 15:10 | Create | Villager (Male) |
| 15:14 | Build | Farm |
| 15:17 | Build | Farm |
| 15:17 | Create | Villager (Male) |
| 15:34 | Create | Spearman |
| 15:35 | Create | Spearman |
| 15:41 | Create | Scout Cavalry |
| 15:41 | Create | Scout Cavalry |
| 15:46 | Build | Farm |
| 15:47 | Build | Farm |
| 15:58 | Create | Villager (Male) |
| 15:59 | Build | Farm |
| 16:02 | Build | House |
| 16:02 | Build | House |
| 16:09 | Create | Scout Cavalry |
| 16:11 | Build | Farm |
| 16:17 | Research | Town Watch |
| 16:34 | Create | Villager (Male) |
| 16:42 | Create | Villager (Male) |
| 16:44 | Build | House |
| 16:46 | Build | House |
| 16:53 | Build | Market |
| 17:08 | Research | Bloodlines |
| 17:13 | Create | Scout Cavalry |
| 17:19 | Create | Villager (Male) |
| 17:20 | Build | Farm |
| 17:27 | Build | Farm |
| 17:28 | Build | Farm |
| 17:30 | Create | Scout Cavalry |
| 17:40 | Create | Scout Cavalry |
| 17:40 | Create | Scout Cavalry |
| 17:50 | Research | Forging |
| 17:59 | Build | Farm |
| 18:00 | Create | Villager (Male) |
| 18:15 | Build | Farm |
| 18:16 | Create | Villager (Male) |
| 18:18 | Create | Scout Cavalry |
| 18:18 | Create | Scout Cavalry |
| 18:25 | Create | Villager (Male) |
| 18:43 | Create | Scout Cavalry |
| 18:44 | Create | Villager (Male) |
| 18:44 | Create | Villager (Male) |
| 18:53 | Create | Villager (Male) |
| 18:59 | Build | Mill |
| 19:01 | Build | Farm |
| 19:02 | Build | Farm |
| 19:04 | Build | Farm |
| 19:16 | Create | Spearman |
| 19:16 | Create | Spearman |
| 19:19 | Build | Barracks |
| 19:21 | Create | Villager (Male) |
| 19:31 | Create | Villager (Male) |
| 19:41 | Create | Villager (Male) |
| 19:42 | Create | Scout Cavalry |
| 19:42 | Create | Scout Cavalry |
| 19:42 | Create | Scout Cavalry |
| 19:44 | Create | Scout Cavalry |
| 19:56 | Build | Barracks |
| 19:58 | Create | Spearman |
| 19:58 | Create | Spearman |
| 20:07 | Create | Scout Cavalry |
| 20:07 | Create | Scout Cavalry |
| 20:19 | Build | House |
| 20:19 | Build | House |
| 20:19 | Build | House |
| 20:20 | Build | House |
| 20:47 | Create | Villager (Male) |
Build order — Genghis Kant
First 150 of 190 actions detected
| 0:02 | Create | Villager (Male) |
| 0:02 | Create | Villager (Male) |
| 0:02 | Create | Villager (Male) |
| 0:03 | Create | Villager (Male) |
| 0:04 | Build | House |
| 0:05 | Build | House |
| 1:21 | Create | Villager (Male) |
| 1:21 | Create | Villager (Male) |
| 1:33 | Create | Villager (Male) |
| 1:45 | Build | Lumber Camp |
| 2:21 | Create | Villager (Male) |
| 2:21 | Create | Villager (Male) |
| 2:43 | Create | Villager (Male) |
| 2:43 | Create | Villager (Male) |
| 2:57 | Build | House |
| 3:02 | Create | Villager (Male) |
| 3:02 | Create | Villager (Male) |
| 3:40 | Create | Villager (Male) |
| 3:41 | Create | Villager (Male) |
| 3:55 | Create | Villager (Male) |
| 4:13 | Create | Villager (Male) |
| 4:13 | Create | Villager (Male) |
| 4:26 | Create | Villager (Male) |
| 4:27 | Create | Villager (Male) |
| 4:44 | Build | Mill |
| 4:49 | Create | Villager (Male) |
| 4:49 | Create | Villager (Male) |
| 4:49 | Create | Villager (Male) |
| 5:51 | Create | Villager (Male) |
| 6:20 | Build | House |
| 6:23 | Create | Villager (Male) |
| 6:31 | Research | Loom |
| 7:02 | Build | Barracks |
| 7:10 | Research | Feudal Age |
| 8:01 | Build | House |
| 8:10 | Build | Mining Camp |
| 8:19 | Create | Militia |
| 8:26 | Build | House |
| 8:55 | Create | Villager (Male) |
| 9:09 | Build | House |
| 9:11 | Build | Palisade Wall |
| 9:20 | Age | Feudal Age |
| 9:22 | Build | Archery Range |
| 9:23 | Create | Spearman |
| 9:32 | Build | Building 796 |
| 9:34 | Build | House |
| 9:36 | Research | Double-Bit Axe |
| 9:58 | Create | Spearman |
| 10:02 | Create | Villager (Male) |
| 10:15 | Create | Archer |
| 10:17 | Build | House |
| 10:21 | Create | Spearman |
| 10:23 | Create | Villager (Male) |
| 10:35 | Create | Archer |
| 10:42 | Create | Villager (Male) |
| 10:48 | Build | Palisade Wall |
| 10:51 | Create | Villager (Male) |
| 10:54 | Create | Archer |
| 11:09 | Build | Archery Range |
| 11:10 | Create | Villager (Male) |
| 11:17 | Create | Villager (Male) |
| 11:20 | Research | Gold Mining |
| 11:33 | Create | Archer |
| 11:38 | Build | Farm |
| 11:38 | Build | Farm |
| 11:40 | Create | Villager (Male) |
| 11:51 | Create | Archer |
| 11:51 | Create | Archer |
| 12:00 | Create | Spearman |
| 12:04 | Create | Archer |
| 12:07 | Create | Villager (Male) |
| 12:11 | Build | Blacksmith |
| 12:17 | Create | Villager (Male) |
| 12:18 | Create | Villager (Male) |
| 12:23 | Build | House |
| 12:28 | Build | Palisade Wall |
| 12:30 | Build | Palisade Wall |
| 12:42 | Create | Archer |
| 12:42 | Create | Archer |
| 12:45 | Create | Archer |
| 12:47 | Create | Villager (Male) |
| 12:50 | Build | Farm |
| 12:55 | Create | Archer |
| 13:00 | Research | Fletching |
| 13:04 | Create | Archer |
| 13:14 | Create | Villager (Male) |
| 13:15 | Build | Farm |
| 13:19 | Create | Archer |
| 13:22 | Create | Skirmisher |
| 13:22 | Create | Skirmisher |
| 13:32 | Create | Archer |
| 13:36 | Create | Villager (Male) |
| 13:54 | Create | Archer |
| 13:54 | Create | Archer |
| 14:00 | Create | Archer |
| 14:00 | Create | Archer |
| 14:02 | Build | House |
| 14:05 | Create | Archer |
| 14:06 | Create | Villager (Male) |
| 14:20 | Create | Archer |
| 14:20 | Create | Archer |
| 14:23 | Create | Villager (Male) |
| 14:25 | Build | Farm |
| 14:28 | Create | Archer |
| 14:31 | Build | Farm |
| 14:32 | Build | Farm |
| 14:32 | Build | Farm |
| 14:34 | Create | Skirmisher |
| 14:40 | Create | Villager (Male) |
| 14:57 | Create | Archer |
| 14:57 | Create | Archer |
| 15:06 | Create | Archer |
| 15:06 | Create | Archer |
| 15:08 | Create | Archer |
| 15:08 | Create | Archer |
| 15:31 | Create | Archer |
| 15:32 | Create | Archer |
| 15:32 | Create | Archer |
| 15:35 | Create | Villager (Male) |
| 15:36 | Build | Farm |
| 15:37 | Build | Farm |
| 15:42 | Build | House |
| 15:42 | Build | House |
| 15:46 | Create | Archer |
| 15:46 | Create | Archer |
| 16:09 | Create | Villager (Male) |
| 16:10 | Build | Farm |
| 16:16 | Build | Farm |
| 16:16 | Build | Farm |
| 16:17 | Build | Farm |
| 16:17 | Build | Farm |
| 16:22 | Create | Archer |
| 16:34 | Build | Farm |
| 16:43 | Research | Padded Archer Armor |
| 16:45 | Create | Archer |
| 16:45 | Create | Archer |
| 16:46 | Create | Skirmisher |
| 16:50 | Build | Farm |
| 16:50 | Build | Farm |
| 16:55 | Create | Villager (Male) |
| 17:03 | Build | House |
| 17:03 | Build | House |
| 17:07 | Create | Villager (Male) |
| 17:09 | Build | Farm |
| 17:09 | Build | Farm |
| 17:16 | Create | Archer |
| 17:22 | Build | Farm |
| 17:22 | Build | Farm |
| 17:45 | Build | Farm |
| 17:45 | Research | Horse Collar |
Build order — [Traidor]Fleco
112 actions detected in the replay
| 0:01 | Create | Villager (Male) |
| 0:02 | Create | Villager (Male) |
| 0:05 | Build | House |
| 0:07 | Build | House |
| 0:10 | Create | Villager (Male) |
| 0:10 | Create | Villager (Male) |
| 1:16 | Create | Villager (Male) |
| 1:17 | Create | Villager (Male) |
| 1:58 | Create | Villager (Male) |
| 1:58 | Create | Villager (Male) |
| 2:24 | Create | Villager (Male) |
| 3:04 | Create | Villager (Male) |
| 3:04 | Create | Villager (Male) |
| 3:04 | Create | Villager (Male) |
| 3:45 | Create | Villager (Male) |
| 3:46 | Create | Villager (Male) |
| 4:00 | Create | Villager (Male) |
| 4:07 | Build | House |
| 4:33 | Build | Lumber Camp |
| 4:50 | Create | Villager (Male) |
| 5:17 | Create | Villager (Male) |
| 5:46 | Build | Mining Camp |
| 5:57 | Create | Villager (Male) |
| 6:22 | Create | Villager (Male) |
| 6:36 | Research | Loom |
| 7:42 | Build | House |
| 7:57 | Research | Feudal Age |
| 8:23 | Build | Mill |
| 9:04 | Build | Barracks |
| 9:34 | Create | Villager (Male) |
| 9:34 | Create | Villager (Male) |
| 10:07 | Age | Feudal Age |
| 10:08 | Create | Villager (Male) |
| 10:16 | Build | Archery Range |
| 10:26 | Create | Villager (Male) |
| 10:38 | Build | Archery Range |
| 10:47 | Build | Farm |
| 10:47 | Build | Farm |
| 10:48 | Build | Farm |
| 10:48 | Build | Farm |
| 10:48 | Build | Farm |
| 10:48 | Build | Farm |
| 11:14 | Create | Villager (Male) |
| 11:18 | Create | Archer |
| 11:39 | Build | House |
| 11:43 | Build | Farm |
| 11:54 | Create | Archer |
| 11:54 | Create | Archer |
| 11:55 | Create | Archer |
| 11:55 | Create | Archer |
| 12:24 | Create | Spearman |
| 12:25 | Create | Spearman |
| 12:32 | Create | Villager (Male) |
| 12:38 | Build | House |
| 12:41 | Build | House |
| 12:49 | Build | House |
| 13:01 | Build | Building 796 |
| 13:07 | Create | Villager (Male) |
| 13:07 | Create | Villager (Male) |
| 13:14 | Create | Archer ×4 |
| 13:19 | Create | Spearman |
| 13:45 | Build | House |
| 13:50 | Create | Villager (Male) |
| 13:56 | Create | Spearman |
| 14:08 | Create | Villager (Male) |
| 14:24 | Build | Blacksmith |
| 14:26 | Build | House |
| 14:28 | Create | Villager (Male) |
| 14:45 | Create | Archer ×4 |
| 14:46 | Create | Archer ×4 |
| 14:49 | Create | Villager (Male) |
| 14:49 | Create | Villager (Male) |
| 15:05 | Build | Farm |
| 15:14 | Research | Fletching |
| 15:27 | Create | Villager (Male) |
| 15:30 | Build | Farm |
| 15:46 | Create | Villager (Male) |
| 16:06 | Create | Villager (Male) |
| 16:10 | Create | Archer ×5 |
| 16:10 | Create | Archer ×5 |
| 16:18 | Build | Farm |
| 16:28 | Build | House |
| 16:29 | Create | Villager (Male) |
| 16:41 | Build | Farm |
| 16:48 | Create | Archer ×2 |
| 17:09 | Create | Spearman |
| 17:09 | Create | Spearman |
| 17:14 | Build | House |
| 17:17 | Build | House |
| 17:33 | Research | Horse Collar |
| 17:46 | Create | Villager (Male) |
| 17:48 | Build | House |
| 17:53 | Build | Farm |
| 19:05 | Create | Villager (Male) |
| 19:05 | Create | Villager (Male) |
| 19:09 | Build | Farm |
| 19:12 | Build | Farm |
| 19:20 | Research | Padded Archer Armor |
| 19:23 | Create | Archer ×5 |
| 19:40 | Build | House |
| 19:45 | Build | Farm |
| 19:47 | Build | Farm |
| 19:50 | Build | Farm |
| 19:53 | Build | Farm |
| 20:09 | Build | House |
| 20:12 | Create | Spearman |
| 20:13 | Create | Spearman |
| 20:21 | Build | Farm |
| 20:34 | Create | Archer ×5 |
| 20:37 | Create | Villager (Male) |
| 20:37 | Create | Villager (Male) |
| 20:43 | Build | House |
Build order — [Traidor] Christoffel
First 150 of 166 actions detected
| 0:00 | Create | Villager (Male) |
| 0:01 | Create | Villager (Male) |
| 0:01 | Create | Villager (Male) |
| 0:03 | Build | House |
| 0:04 | Build | House |
| 0:17 | Create | Villager (Male) |
| 1:17 | Create | Villager (Male) |
| 1:57 | Create | Villager (Male) |
| 2:21 | Create | Villager (Male) |
| 2:48 | Create | Villager (Male) |
| 2:49 | Create | Villager (Male) |
| 2:56 | Build | Lumber Camp |
| 3:02 | Build | House |
| 3:18 | Create | Villager (Male) |
| 3:28 | Build | Mill |
| 3:36 | Create | Villager (Male) |
| 3:57 | Create | Villager (Male) |
| 4:20 | Create | Villager (Male) |
| 4:52 | Create | Villager (Male) |
| 5:30 | Create | Villager (Male) |
| 5:43 | Research | Loom |
| 6:43 | Research | Feudal Age |
| 7:08 | Build | Barracks |
| 7:39 | Build | House |
| 7:46 | Create | Villager (Male) |
| 8:11 | Build | House |
| 8:53 | Age | Feudal Age |
| 8:54 | Build | Stable |
| 9:01 | Create | Spearman |
| 9:03 | Research | Double-Bit Axe |
| 9:06 | Build | House |
| 9:15 | Build | Palisade Wall |
| 9:16 | Build | Palisade Wall |
| 9:18 | Build | Palisade Gate |
| 9:20 | Build | Palisade Wall |
| 9:21 | Build | Palisade Wall |
| 9:22 | Create | Villager (Male) |
| 9:25 | Create | Spearman |
| 9:28 | Create | Scout Cavalry |
| 9:32 | Build | Farm |
| 9:33 | Build | Farm |
| 9:33 | Build | Farm |
| 9:36 | Create | Villager (Male) |
| 9:39 | Build | Farm |
| 9:44 | Build | Farm |
| 9:45 | Create | Scout Cavalry |
| 9:51 | Create | Villager (Male) |
| 9:54 | Build | Blacksmith |
| 10:14 | Create | Villager (Male) |
| 10:15 | Create | Scout Cavalry |
| 10:31 | Create | Scout Cavalry |
| 10:35 | Create | Spearman |
| 10:36 | Create | Villager (Male) |
| 10:42 | Research | Scale Barding Armor |
| 11:02 | Create | Villager (Male) |
| 11:13 | Create | Villager (Male) |
| 11:18 | Build | Farm |
| 11:18 | Create | Spearman |
| 11:41 | Create | Spearman |
| 11:42 | Create | Villager (Male) |
| 11:42 | Create | Scout Cavalry |
| 11:45 | Create | Villager (Male) |
| 11:46 | Build | House |
| 12:05 | Build | Farm |
| 12:08 | Build | Farm |
| 12:19 | Create | Scout Cavalry |
| 12:21 | Create | Spearman |
| 12:33 | Create | Scout Cavalry |
| 12:40 | Research | Forging |
| 12:48 | Create | Spearman |
| 12:52 | Build | House |
| 12:55 | Build | House |
| 13:04 | Create | Villager (Male) |
| 13:08 | Build | Farm |
| 13:40 | Create | Scout Cavalry |
| 13:42 | Create | Villager (Male) |
| 13:45 | Build | Farm |
| 13:46 | Build | Farm |
| 13:46 | Build | Farm |
| 13:46 | Build | Farm |
| 13:46 | Build | Farm |
| 13:46 | Build | Farm |
| 13:47 | Build | Farm |
| 13:47 | Build | Farm |
| 14:06 | Create | Scout Cavalry |
| 14:17 | Create | Villager (Male) |
| 14:21 | Build | Farm |
| 14:21 | Build | Farm |
| 14:39 | Create | Villager (Male) |
| 14:44 | Build | Farm |
| 15:02 | Create | Villager (Male) |
| 15:07 | Build | Market |
| 15:21 | Create | Scout Cavalry |
| 15:23 | Create | Villager (Male) |
| 15:45 | Build | Mining Camp |
| 15:49 | Build | House |
| 15:58 | Create | Scout Cavalry |
| 16:14 | Create | Villager (Male) |
| 16:21 | Research | Castle Age |
| 16:21 | Research | Castle Age |
| 16:43 | Create | Scout Cavalry |
| 16:46 | Research | Bloodlines |
| 16:47 | Create | Villager (Male) |
| 16:50 | Build | Stable |
| 17:01 | Build | House |
| 17:16 | Create | Scout Cavalry |
| 17:27 | Create | Scout Cavalry |
| 18:02 | Create | Scout Cavalry |
| 18:16 | Create | Scout Cavalry |
| 18:42 | Create | Scout Cavalry |
| 18:43 | Create | Scout Cavalry |
| 19:02 | Create | Scout Cavalry |
| 19:02 | Age | Castle Age |
| 19:07 | Research | Light Cavalry (upgrade) |
| 19:07 | Research | Light Cavalry (upgrade) |
| 19:12 | Research | Chain Barding Armor |
| 19:33 | Create | Villager (Male) |
| 19:36 | Research | Bow Saw |
| 19:38 | Create | Knight |
| 19:39 | Create | Knight |
| 19:42 | Build | Town Center |
| 19:57 | Create | Villager (Male) |
| 19:59 | Create | Knight |
| 20:00 | Create | Knight |
| 20:16 | Create | Villager (Male) |
| 20:19 | Create | Knight |
| 20:20 | Create | Knight |
| 20:39 | Create | Villager (Male) |
| 20:42 | Create | Knight |
| 20:42 | Create | Knight |
| 20:53 | Create | Villager (Male) |
| 20:54 | Create | Knight |
| 20:57 | Build | House |
| 21:08 | Create | Villager (Male) |
| 21:08 | Create | Villager (Male) |
| 21:09 | Create | Villager (Male) |
| 21:19 | Create | Knight |
| 21:39 | Create | Villager (Male) |
| 21:40 | Create | Villager (Male) |
| 21:40 | Create | Villager (Male) |
| 21:41 | Create | Villager (Male) |
| 21:41 | Create | Villager (Male) |
| 21:47 | Build | Town Center |
| 22:01 | Create | Knight |
| 22:01 | Create | Villager (Male) |
| 22:01 | Create | Villager (Male) |
| 22:19 | Create | Villager (Male) |
| 22:23 | Build | Farm |
| 22:25 | Build | Farm |
| 22:25 | Build | Farm |
Build order — Teyocesu
130 actions detected in the replay
| 0:02 | Build | House |
| 0:06 | Build | House |
| 0:07 | Create | Villager (Male) |
| 0:07 | Create | Villager (Male) |
| 0:07 | Create | Villager (Male) |
| 0:08 | Create | Villager (Male) |
| 1:19 | Create | Villager (Male) |
| 1:48 | Create | Villager (Male) |
| 2:06 | Create | Villager (Male) |
| 2:33 | Create | Villager (Male) |
| 2:33 | Create | Villager (Male) |
| 3:00 | Create | Villager (Male) |
| 3:00 | Create | Villager (Male) |
| 4:02 | Create | Villager (Male) |
| 4:02 | Create | Villager (Male) |
| 4:48 | Create | Villager (Male) |
| 4:49 | Create | Villager (Male) |
| 4:58 | Build | House |
| 5:18 | Create | Villager (Male) |
| 5:52 | Create | Villager (Male) |
| 5:52 | Create | Villager (Male) |
| 6:15 | Build | Lumber Camp |
| 6:31 | Build | Mill |
| 6:45 | Create | Villager (Male) |
| 6:45 | Create | Villager (Male) |
| 6:45 | Create | Villager (Male) |
| 6:45 | Create | Villager (Male) |
| 6:45 | Create | Villager (Male) |
| 7:01 | Build | Mill |
| 7:06 | Create | Villager (Male) |
| 7:28 | Research | Loom |
| 8:01 | Research | Feudal Age |
| 8:52 | Build | Barracks |
| 9:15 | Build | House |
| 10:11 | Age | Feudal Age |
| 10:13 | Build | Archery Range |
| 10:28 | Build | Mining Camp |
| 10:32 | Create | Villager (Male) |
| 10:32 | Create | Villager (Male) |
| 10:33 | Create | Villager (Male) |
| 10:35 | Research | Double-Bit Axe |
| 10:37 | Research | Horse Collar |
| 11:05 | Create | Archer |
| 11:28 | Build | House |
| 11:30 | Create | Skirmisher |
| 11:30 | Create | Skirmisher |
| 11:32 | Create | Archer |
| 11:44 | Create | Villager (Male) |
| 11:46 | Create | Villager (Male) |
| 12:06 | Create | Archer |
| 12:08 | Create | Villager (Male) |
| 12:18 | Create | Archer |
| 12:31 | Create | Skirmisher |
| 12:31 | Create | Skirmisher |
| 12:38 | Build | Archery Range |
| 12:42 | Create | Villager (Male) |
| 12:43 | Create | Villager (Male) |
| 12:46 | Create | Archer |
| 12:55 | Create | Villager (Male) |
| 12:57 | Create | Archer |
| 13:08 | Create | Spearman |
| 13:12 | Build | House |
| 13:13 | Build | House |
| 13:32 | Create | Archer |
| 13:32 | Create | Archer |
| 13:56 | Create | Villager (Male) |
| 13:57 | Create | Villager (Male) |
| 13:58 | Create | Archer |
| 13:58 | Create | Archer |
| 13:58 | Create | Archer |
| 14:26 | Create | Archer |
| 14:26 | Create | Archer |
| 14:29 | Build | Farm |
| 14:29 | Build | Farm |
| 14:46 | Create | Archer |
| 14:46 | Create | Archer |
| 15:10 | Create | Skirmisher |
| 15:12 | Create | Villager (Male) |
| 15:12 | Create | Villager (Male) |
| 15:29 | Create | Archer |
| 15:29 | Create | Archer |
| 15:30 | Create | Villager (Male) |
| 15:43 | Create | Archer |
| 15:43 | Create | Archer |
| 17:09 | Create | Villager (Male) |
| 17:09 | Create | Villager (Male) |
| 18:12 | Build | House |
| 19:27 | Create | Villager (Male) |
| 19:28 | Create | Villager (Male) |
| 19:32 | Create | Villager (Male) |
| 19:40 | Create | Archer |
| 19:41 | Create | Archer |
| 19:50 | Build | Watch Tower |
| 20:03 | Create | Archer |
| 20:11 | Build | House |
| 20:13 | Build | House |
| 20:24 | Create | Archer |
| 20:25 | Create | Archer |
| 20:27 | Create | Archer |
| 20:27 | Create | Archer |
| 20:29 | Create | Villager (Male) |
| 20:29 | Create | Villager (Male) |
| 20:52 | Build | Blacksmith |
| 20:57 | Create | Villager (Male) |
| 20:59 | Create | Archer |
| 20:59 | Create | Archer |
| 21:17 | Create | Archer |
| 21:17 | Create | Archer |
| 21:18 | Create | Villager (Male) |
| 21:23 | Create | Archer |
| 21:23 | Create | Archer |
| 21:34 | Research | Fletching |
| 21:35 | Research | Padded Archer Armor |
| 21:38 | Create | Archer |
| 22:06 | Build | House |
| 22:06 | Build | House |
| 22:07 | Build | House |
| 22:10 | Create | Villager (Male) |
| 22:12 | Build | Farm |
| 22:17 | Build | Farm |
| 22:17 | Build | Farm |
| 22:18 | Build | Farm |
| 22:18 | Build | Farm |
| 22:18 | Build | Farm |
| 22:19 | Build | Farm |
| 22:24 | Create | Archer |
| 22:25 | Create | Archer |
| 22:50 | Build | Archery Range |
| 23:03 | Create | Villager (Male) |
| 23:18 | Build | Mining Camp |
Match timeline
| 7:02 | Genghis Kant · first_building Barracks |
| 7:08 | [Traidor] Christoffel · first_building Barracks |
| 7:35 | Polenta · first_building Barracks |
| 8:31 | Polenta · age_up feudal |
| 8:36 | Polenta · first_building Stable |
| 8:37 | jerius02 · wall_segment Palisade Wall x10 |
| 8:52 | Teyocesu · first_building Barracks |
| 8:53 | [Traidor] Christoffel · age_up feudal |
| 8:54 | [Traidor] Christoffel · first_building Stable |
| 9:04 | [Traidor]Fleco · first_building Barracks |
| 9:11 | Genghis Kant · wall_segment Palisade Wall x3 |
| 9:15 | [Traidor] Christoffel · wall_segment Palisade Wall x3 |
| 9:16 | [Traidor] Christoffel · wall_segment Palisade Wall x4 |
| 9:20 | [Traidor] Christoffel · wall_segment Palisade Wall x6 |
| 9:20 | Genghis Kant · age_up feudal |
| 9:21 | [Traidor] Christoffel · wall_segment Palisade Wall x3 |
| 9:22 | Genghis Kant · first_building Archery Range |
| 9:52 | jerius02 · wall_segment Palisade Wall x11 |
| 10:02 | jerius02 · wall_segment Palisade Wall x2 |
| 10:07 | [Traidor]Fleco · age_up feudal |
| 10:11 | Teyocesu · age_up feudal |
| 10:13 | Teyocesu · first_building Archery Range |
| 10:15 | jerius02 · wall_segment Palisade Wall x8 |
| 10:16 | [Traidor]Fleco · first_building Archery Range |
| 10:26 | jerius02 · age_up feudal |
| 10:41 | jerius02 · wall_segment Palisade Wall x7 |
| 10:48 | Genghis Kant · wall_segment Palisade Wall x1 |
| 11:00 | jerius02 · wall_segment Palisade Wall x14 |
| 11:41 | jerius02 · first_building Barracks |
| 11:50 | jerius02 · wall_segment Palisade Wall x4 |
| 12:00 | jerius02 · wall_segment Palisade Wall x7 |
| 12:28 | Genghis Kant · wall_segment Palisade Wall x1 |
| 12:30 | Genghis Kant · wall_segment Palisade Wall x1 |
| 12:49 | jerius02 · wall_segment Palisade Wall x9 |
| 13:38 | jerius02 · wall_segment Palisade Wall x6 |
| 16:19 | [Traidor] Christoffel · first_market_buy 100 food |
| 17:39 | Polenta · first_market_buy 100 food |
| 18:54 | jerius02 · first_market_buy 100 wood |
| 19:02 | [Traidor] Christoffel · age_up castle |
| 20:07 | jerius02 · first_building Stable |
| 21:06 | Polenta · resign |
| 22:03 | Genghis Kant · age_up castle |
| 22:24 | Genghis Kant · first_market_buy 100 wood |
[ AI ANALYSIS · 1 CREDIT ]
What really happened in this match?
Wolo.gg analyzes every decision: build order, eco, micro, common mistakes by bracket. Personalized analysis on WhatsApp or Discord in 30 seconds.
Civ guide
Cumans
Map guide
Aftermath
Perfil
jerius02